Map: Taito Citadel LE

Players

BratOK (Brat_OK) - Winner!

  • Race: Terran Terran
  • League: Master
  • Spawn Location: 5:00

llllllllllll

  • Race: Zerg Zerg
  • Spawn Location: 11:00

VOD

Have the link to the VOD?

Description

Time

  • Played on: Jan. 6, 2026, 11:49 a.m.
  • Length: 15:33
Show
View Real Time Build Order
Export as new Build Order

BratOK Terran - Winner!

Build Orders: 2 Factory, Hellion Opening, Reaper Expand, Mech 

Get SALT Encoding   

  12  0:00  SCV  
  13  0:12  SCV  
  14  0:16  Supply Depot  
  14  0:24  SCV  
  15  0:38  SCV  
  15  0:39  Barracks  
  16  0:42  Refinery  
  16  0:50  SCV  
  17  1:02  SCV  
  18  1:14  SCV  
  19  1:26  Reaper, Orbital Command  
  20  1:37  Command Center  
  20  1:44  Supply Depot  
  20  1:52  SCV  
  21  1:57  Marine  
  22  2:05  SCV  
  23  2:09  Factory  
  23  2:17  SCV  
  23  2:19  Barracks Reactor  
  23  2:22  Refinery  
  24  2:29  SCV  
  25  2:41  SCV  
  26  2:51  Orbital Command  
  26  2:53  SCV  
  26  2:57  Factory  
  27  3:05  SCV  
  28  3:06  Hellion x2  
  28  3:12  Barracks Tech Lab  
  32  3:17  SCV x2  
  32  3:18  Supply Depot  
  34  3:29  SCV x2  
  34  3:32  Hellion x2  
  40  3:41  SCV x2  
  40  3:43  Supply Depot  
  42  3:49  Hellion  
  42  3:52  Infernal Pre-Igniter  
  42  3:53  SCV x2  
  42  3:54  Hellion x2  
  50  4:05  SCV  
  50  4:10  Command Center  
  50  4:13  Supply Depot, Hellion  
  52  4:21  Hellion  
  52  4:22  Hellion  
  52  4:23  Marine  
  55  4:25  SCV x2  
  55  4:29  Supply Depot  
  57  4:37  SCV  
  58  4:40  Hellion  
  58  4:43  SCV  
  55  4:49  Hellion x2  
  55  4:51  SCV  
  60  4:54  Factory  
  60  4:55  Factory  
  60  4:58  Factory  
  60  5:01  SCV, Barracks Reactor  
  60  5:03  SCV  
  60  5:06  Cyclone  
  65  5:12  Hellion x2  
  65  5:13  SCV  
  70  5:16  SCV  
  70  5:18  Refinery  
  70  5:21  Refinery  
  71  5:26  SCV  
  72  5:30  SCV  
  73  5:40  SCV  
  72  5:43  SCV  
  72  5:46  Armory  
  72  5:47  Armory, Factory Tech Lab x2  
  73  5:52  Orbital Command, SCV  
  73  5:55  SCV  
  75  5:59  Cyclone  
  75  6:00  Hellion  
  80  6:05  SCV  
  80  6:07  SCV, Supply Depot  
  80  6:09  Cyclone  
  85  6:17  SCV  
  85  6:18  Siege Tank  
  89  6:19  SCV  
  89  6:20  SCV  
  91  6:27  Hellion  
  91  6:29  SCV  
  91  6:30  Supply Depot  
  91  6:31  SCV  
  94  6:32  SCV  
  94  6:37  Cyclone  
  94  6:38  Hellion  
  94  6:39  Terran Vehicle Weapons Level 1  
  93  6:41  SCV, Cyclone  
  93  6:43  SCV  
  98  6:50  Siege Tank  
  98  6:51  Hellion  
  98  6:53  SCV x2  
  103  6:55  Refinery x2  
  103  6:56  Supply Depot  
  103  7:02  Terran Vehicle And Ship Armor Level 1, Supply Depot  
  103  7:08  Hellion x3  
  109  7:10  Supply Depot  
  109  7:17  SCV x2, Siege Tank x2  
  115  7:27  SCV  
  115  7:29  SCV  
  113  7:30  Command Center  
  111  7:44  Siege Tank  
  111  7:45  Hellion x4  
  111  7:46  SCV x2  
  111  7:49  Supply Depot x2  
  111  7:51  Engineering Bay  
  124  7:55  SCV  
  125  7:58  SCV  
  125  8:00  SCV  
  125  8:04  Supply Depot  
  125  8:07  Factory, Siege Tank x2  
  125  8:08  Hellion  
  125  8:09  Factory  
  125  8:10  SCV x2, Factory  
  125  8:12  SCV  
  136  8:15  Supply Depot  
  134  8:23  Siege Tank, Hellion  
  134  8:24  Hellion  
  137  8:29  SCV  
  137  8:33  Missile Turret  
  137  8:34  Sensor Tower  
  138  8:35  Drilling Claws, Supply Depot  
  138  8:36  Supply Depot  
  138  8:37  Mag-Field Accelerator  
  138  8:39  Siege Tank  
  138  8:40  Siege Tank, Hellion  
  146  8:46  SCV x3  
  149  8:56  Factory Tech Lab x2, Factory Reactor  
  149  8:57  Missile Turret, Cyclone  
  149  9:01  SCV x2  
  149  9:02  Hellion  
  154  9:10  Planetary Fortress  
  154  9:12  Cyclone x2  
  154  9:13  Terran Vehicle Weapons Level 2  
  160  9:17  Refinery  
  160  9:18  Refinery  
  160  9:28  Command Center  
  160  9:31  Cyclone x2  
  160  9:32  Cyclone, Hellion  
  171  9:39  Command Center  
  171  9:54  Cyclone x2  
  171  9:55  Hellion  
  171  9:58  Terran Vehicle And Ship Armor Level 2  
  167  10:04  Cyclone x2, Hellion x2  
  177  10:19  Cyclone, Hellion  
  176  10:26  Cyclone  
  177  10:30  Cyclone  
  177  10:31  Hellion  
  174  10:36  Cyclone x2  
  174  10:37  Missile Turret  
  174  10:38  Hellion  
  169  10:44  Command Center  
  169  10:46  Hellion  
  169  10:51  Cyclone  
  169  10:54  Planetary Fortress  
  169  10:55  Missile Turret  
  172  10:57  Missile Turret  
  172  10:58  Cyclone, Missile Turret  
  172  11:02  Cyclone  
  172  11:03  Command Center  
  178  11:08  Cyclone  
  178  11:10  Neosteel Armor  
  155  11:26  Cyclone x2, Hellion  
  155  11:27  Hellion x5  
  155  11:32  Terran Vehicle Weapons Level 3  
  145  11:40  Planetary Fortress  
  145  11:45  Cyclone x2  
  145  11:46  Hellion  
  153  11:48  Hellion x4  
  161  11:58  Cyclone  
  164  12:04  Siege Tank  
  164  12:07  Siege Tank, Hellion  
  172  12:15  Hellion  
  170  12:17  Siege Tank  
  156  12:30  Cyclone, Hellion  
  158  12:39  Siege Tank x2  
  158  12:40  Hellion x3  
  170  12:49  Siege Tank x2, Hellion  
  147  12:58  SCV x2  
  147  13:02  Siege Tank  
  133  13:11  Siege Tank  
  128  13:18  Cyclone  
  128  13:19  Hellion  
  125  13:20  Orbital Command, SCV x2  
  125  13:21  SCV x3, Cyclone  
  116  13:31  Cyclone, Hellion  
  116  13:32  SCV  
  116  13:33  SCV x4  
  121  13:34  Cyclone  
  121  13:38  Hellion  
  119  13:43  Cyclone  
  119  13:44  SCV  
  119  13:45  SCV  
  119  13:46  Hellion  
  113  13:50  Cyclone  
  116  13:56  Cyclone  
  116  13:58  SCV  
  116  14:01  SCV  
  115  14:03  Cyclone  
  115  14:04  Hellion  
  115  14:06  Siege Tank  
  123  14:16  Hellion x2  
  127  14:26  Cyclone x2  
  127  14:27  Hellion  
  135  14:37  Cyclone x2  
  135  14:38  Hellion x2  
  145  14:41  Cyclone  
  145  14:42  Hellion x2  
  152  14:50  Missile Turret  
  152  14:52  Hellion  
  154  14:58  Cyclone, Siege Tank  
  154  14:59  Refinery  
  156  15:00  Refinery  
  156  15:03  Missile Turret  
  156  15:05  Hellion  
Show
View Real Time Build Order
Export as new Build Order

llllllllllll Zerg 

Build Orders: Hatch First 

Get SALT Encoding   

  12  0:01  Drone  
  13  0:08  Drone  
  14  0:15  Extractor, Drone  
  15  0:21  Overlord  
  15  0:40  Drone  
  16  0:45  Hatchery  
  16  0:49  Drone  
  16  0:52  Drone  
  16  0:55  Drone  
  18  1:06  Extractor  
  17  1:11  Spawning Pool  
  17  1:15  Drone  
  17  1:18  Drone  
  18  1:27  Drone  
  19  1:37  Drone  
  20  1:51  Overlord  
  20  1:58  Queen x2  
  20  1:59  Zergling x4  
  26  2:18  Hatchery  
  26  2:21  Metabolic Boost  
  25  2:31  Drone x3  
  25  2:34  Drone  
  28  2:38  Drone  
  28  2:42  Overlord  
  29  2:45  Drone  
  29  2:48  Drone  
  31  2:58  Queen  
  33  3:00  Drone  
  33  3:01  Drone  
  35  3:10  Drone  
  35  3:11  Drone x3  
  39  3:15  Spore Crawler, Zergling x2  
  39  3:27  Drone x4  
  42  3:30  Queen  
  42  3:33  Overlord  
  46  3:38  Drone x2  
  48  3:43  Queen  
  48  3:46  Overlord  
  50  3:51  Overlord  
  50  3:55  Roach Warren  
  49  4:03  Drone x3  
  49  4:05  Drone x3  
  49  4:08  Drone  
  56  4:11  Drone x2  
  56  4:13  Zergling x2  
  56  4:14  Zergling x2  
  56  4:16  Zergling x4  
  62  4:21  Drone x2  
  63  4:24  Drone x2  
  63  4:28  Drone  
  63  4:31  Spore Crawler  
  65  4:32  Spore Crawler  
  65  4:35  Evolution Chamber  
  63  4:42  Lair  
  63  4:45  Drone x7  
  68  4:47  Spore Crawler  
  67  5:02  Drone x2  
  67  5:03  Extractor, Hatchery  
  67  5:04  Drone  
  67  5:05  Drone x4, Extractor  
  71  5:09  Extractor  
  71  5:10  Extractor  
  71  5:13  Roach x2  
  71  5:14  Overlord  
  72  5:23  Evolution Chamber  
  72  5:25  Evolution Chamber  
  70  5:30  Overlord  
  70  5:31  Roach  
  72  5:36  Roach  
  72  5:37  Roach x3  
  72  5:41  Roach x2  
  80  5:44  Drone x2  
  80  5:45  Overlord x2  
  82  5:56  Evolution Chamber  
  81  6:00  Drone x3  
  81  6:01  Drone x3  
  81  6:02  Drone, Glial Reconstitution  
  88  6:10  Drone x2  
  91  6:11  Drone x2  
  91  6:17  Drone x2  
  95  6:19  Infestation Pit  
  95  6:20  Extractor  
  95  6:21  Drone x3  
  95  6:23  Roach x2  
  100  6:29  Overlord x2  
  100  6:36  Roach  
  100  6:37  Roach x2  
  100  6:38  Hatchery  
  100  6:39  Drone x5  
  109  6:43  Zerg Melee Weapons Level 1  
  109  6:48  Zerg Missile Weapons Level 1  
  109  6:52  Drone  
  109  6:53  Drone x9  
  119  6:55  Extractor  
  119  6:58  Extractor  
  119  6:59  Roach x2  
  119  7:07  Hive  
  119  7:08  Roach x3  
  125  7:11  Overlord x2  
  125  7:12  Overlord x3  
  125  7:15  Baneling Nest  
  125  7:19  Burrow  
  125  7:21  Drone  
  125  7:22  Drone x7  
  128  7:29  Drone  
  128  7:30  Overlord x2  
  128  7:39  Roach x9  
  128  7:40  Zergling x2  
  145  7:45  Zergling x4  
  145  7:46  Zergling x2  
  145  7:47  Spine Crawler x2  
  145  7:48  Ravager x3  
  145  7:50  Zergling x6  
  152  7:55  Overseer  
  152  8:01  Centrifugal Hooks  
  152  8:09  Drone x3  
  152  8:10  Drone  
  156  8:13  Spire  
  156  8:14  Evolution Chamber  
  154  8:20  Drone x2  
  154  8:23  Hatchery  
  154  8:24  Adrenal Glands  
  155  8:28  Ravager  
  155  8:29  Ravager x3  
  155  8:30  Zergling x2  
  155  8:31  Zergling x16  
  155  8:32  Pneumatized Carapace  
  168  8:42  Zergling x16  
  168  8:46  Zerg Missile Weapons Level 2  
  176  8:58  Zergling x6  
  176  8:59  Zergling x6  
  176  9:02  Extractor  
  181  9:03  Extractor  
  181  9:07  Drone x2  
  181  9:08  Overlord x4  
  179  9:19  Zerg Melee Weapons Level 2  
  179  9:22  Zerg Flyer Weapons Level 1  
  179  9:24  Ravager x2  
  179  9:28  Drone  
  179  9:29  Drone x5  
  187  9:33  Ravager x2  
  187  9:34  Zergling x20  
  199  9:42  Spine Crawler  
  199  9:43  Spine Crawler, Zergling x4  
  191  9:54  Drone x3  
  191  9:55  Drone x2  
  191  9:57  Zergling x12  
  191  9:59  Drone  
  197  10:02  Ravager x2  
  197  10:03  Zergling x2  
  200  10:07  Spire  
  180  10:23  Zergling x28  
  187  10:32  Zergling x8  
  176  10:39  Zergling x8  
  163  10:45  Zergling x6  
  163  10:47  Baneling x10  
  163  10:48  Baneling x15  
  163  10:49  Drone x4  
  169  10:52  Zergling x8  
  173  10:58  Zergling x6  
  173  10:59  Zergling x2, Spine Crawler  
  173  11:00  Spine Crawler, Ravager  
  173  11:01  Ravager x7  
  183  11:06  Zerg Missile Weapons Level 3  
  183  11:08  Zergling x2  
  183  11:09  Zergling x16  
  189  11:16  Infestor x2  
  184  11:24  Infestor x3  
  162  11:30  Roach  
  162  11:31  Roach x8  
  162  11:37  Roach x4  
  138  11:40  Roach  
  138  11:43  Roach  
  138  11:44  Roach x3  
  138  11:45  Roach  
  144  11:50  Overseer x2  
  144  11:51  Ravager x8  
  144  11:53  Roach x2  
  156  11:56  Zergling x6  
  156  12:01  Roach  
  157  12:02  Zergling x2  
  157  12:05  Zergling x4  
  154  12:09  Zergling x8  
  154  12:11  Overlord  
  154  12:12  Ravager x5  
  154  12:15  Extractor  
  157  12:16  Drone x3  
  157  12:17  Extractor  
  149  12:26  Roach x7  
  156  12:32  Ravager x4  
  156  12:35  Roach x5  
  156  12:36  Roach, Overlord x2  
  172  12:42  Overlord x2  
  169  12:49  Roach x4  
  159  12:52  Hatchery  
  159  12:57  Roach x2  
  148  13:01  Zergling x6, Queen x2  
  144  13:10  Roach  
  144  13:11  Roach x9  
  144  13:12  Zergling x4  
  140  13:20  Zergling x8  
  140  13:24  Zergling x6  
  119  13:34  Roach x3  
  119  13:35  Roach  
  119  13:39  Roach  
  119  13:40  Roach x3  
  132  13:42  Roach  
  132  13:43  Roach x2  
  131  13:54  Zergling x2  
  120  13:56  Zergling x10  
  120  14:01  Zergling x2  
  120  14:02  Ravager  
  121  14:03  Ravager x8  
  121  14:04  Drone x3  
  121  14:09  Roach  
  134  14:12  Roach  
  134  14:14  Queen x2  
  140  14:21  Roach  
  140  14:22  Roach x3  
  134  14:31  Roach x5  
  134  14:34  Overseer  
  134  14:35  Overseer  
  134  14:37  Roach  
  134  14:38  Roach x3  
  148  14:46  Hydralisk Den  
  148  14:50  Drone x3  
  148  14:52  Spine Crawler  
  149  14:53  Spine Crawler  
  149  14:54  Roach x2  
  152  15:01  Zergling x12  
  156  15:10  Ravager  
  147  15:15  Zergling x10, Hatchery  
Tags
 
Add a new tag
Caveats
  • Supply blocks, unpowered buildings, or Contaminate may cause inaccurate times.
  • Supply counts are checked every 10 seconds.